 Dungeon Crawl Stone Soup version 0.17-a0-1404-gb8113a6 (webtiles) character file.

166440 urechis the Slayer (level 17, -2/173 HPs)
             Began as a Merfolk Skald on June 21, 2015.
             Was a High Priest of Yredelemnul.
             Killed from afar by a deep elf sorcerer (33 damage)
             ... with a bolt of acid
             ... on level 3 of the Elven Halls.
             The game lasted 05:30:37 (37608 turns).

urechis the Slayer (Merfolk Skald)                 Turns: 37608, Time: 05:31:07

Health: -2/173     AC: 13    Str: 20    XL:     17   Next: 60%
Magic:  18/26      EV: 32    Int: 13    God:    Yredelemnul [*****.]
Gold:   973        SH:  6    Dex: 24    Spells: 9 memorised, 8 levels left

rFire  x . .     SeeInvis +     a - +6 demon trident (venom)
rCold  + + .     Clarity  .     v - +3 leather armour "Deocla" {Regen+ Str+3 Stlth+}
rNeg   + + .     SustAt   .     W - +0 buckler
rPois  .         Gourm    .     y - +2 helmet
rElec  +         Spirit   .     K - +0 cloak
rCorr  .         Warding  .     Q - +2 pair of gloves
rMut   .         Stasis   .     (no boots)
MR     ++++.                    A - amulet "Tetickei" {Faith MR+ Str+3 SInv Stlth+}
Stlth  ++++......               V - ring "Nynk" {rF- rC++ rN+ Dex+5 Slay+3}
                                w - ring "Feix Ahuity" {rN+ MR+ Dex+2}

@: incredibly resistant to hostile enchantments, stealthy
A: change form in water, swift swim, magic resistance 1, robust 1, electricity
resistance
a: Animate Dead, Recall Undead Slaves, Injury Mirror, Drain Life, Enslave Soul,
Renounce Religion
}: 1/15 runes: barnacled


You were on level 3 of the Elven Halls.
You worshipped Yredelemnul.
Yredelemnul was extremely pleased with you.
You were very hungry.

You visited 6 branches of the dungeon, and saw 32 of its levels.
You also visited: Bailey.

You collected 3172 gold pieces.
You spent 2199 gold pieces at shops.

Inventory:

Hand weapons
 a - a +6 demon trident of venom (weapon)
 e - a +1 demon whip
Missiles
 q - 8 throwing nets (quivered)
Armour
 v - the +3 leather armour "Deocla" (worn) {Regen+ Str+3 Stlth+}
   (You found it on level 4 of the Shoals)

   It affects your strength (+3).
   It increases your rate of regeneration.
   It makes you more stealthy.
 y - a +2 helmet (worn)
 D - the +3 leather armour of the Voivode {rPois rCorr}
   (You took it off an orc on level 8 of the Dungeon)

   It protects you from poison.
   It protects you from acid and corrosion.
 K - a +0 cloak (worn)
 Q - a +2 pair of gloves (worn)
 W - a +0 buckler (worn)
Jewellery
 w - the ring "Feix Ahuity" (left hand) {rN+ MR+ Dex+2}
   (You found it on level 11 of the Dungeon)

   [ring of dexterity]

   It affects your dexterity (+2).
   It protects you from negative energy.
   It affects your resistance to hostile enchantments.
 A - the amulet "Tetickei" (around neck) {Faith MR+ Str+3 SInv Stlth+}
   (You bought it in a shop on level 1 of the Orcish Mines)

   [amulet of faith]

   It allows you to gain divine favour quickly.
   It affects your strength (+3).
   It affects your resistance to hostile enchantments.
   It lets you see invisible.
   It makes you more stealthy.
 V - the ring "Nynk" (right hand) {rF- rC++ rN+ Dex+5 Slay+3}
   (You bought it in a shop on level 4 of the Orcish Mines)

   [ring of dexterity]

   It affects your dexterity (+5).
   It affects your accuracy and damage with ranged weapons and melee attacks
   (+3).
   It makes you vulnerable to fire.
   It greatly protects you from cold.
   It protects you from negative energy.
Scrolls
 b - a scroll of brand weapon
 f - 3 scrolls of magic mapping
 g - 11 scrolls of remove curse
 h - 12 scrolls of fog
 j - 3 scrolls of amnesia
 k - 4 scrolls of immolation
 m - 4 scrolls of blinking
 n - 7 scrolls of teleportation
 p - 3 scrolls of fear
 I - 2 scrolls of silence
Potions
 l - 8 potions of brilliance
 o - 6 potions of flight
 u - 10 potions of curing
 x - a potion of might
 z - 5 potions of agility
 G - 3 potions of lignification
 H - 2 potions of resistance
 J - 2 potions of magic
 L - 2 potions of haste
 N - a potion of invisibility
 P - 2 potions of cancellation
 T - a potion of heal wounds
Comestibles
 c - a beef jerky
 d - 19 bread rations
 i - 12 meat rations
 F - 22 royal jellies


   Skills:
 + Level 21.0 Fighting
 - Level 14.1 Polearms
 - Level 0.6 Armour
 + Level 18.9 Dodging
 - Level 4.0 Shields
 - Level 6.0 Spellcasting
 - Level 8.0 Charms
 - Level 6.0 Translocations
 * Level 8.7 Invocations


You had 8 spell levels left.
You knew the following spells:

 Your Spells              Type           Power        Failure   Level  Hunger
a - Infusion              Chrm           ###...       1%          1    None
b - Song of Slaying       Chrm           ###.....     1%          2    ##.....
c - Shroud of Golubria    Chrm/Tloc      ###.......   1%          2    ##.....
d - Regeneration          Chrm/Necr      ##........   12%         3    ###....
e - Spectral Weapon       Hex/Chrm       ##......     12%         3    ###....
f - Repel Missiles        Chrm/Air       ##....       8%          2    ##.....
g - Blink                 Tloc           N/A          2%          2    ##.....
h - Swiftness             Chrm/Air       ##......     8%          2    ##.....
i - Ozocubu's Armour      Chrm/Ice       ##......     12%         3    ###....


Dungeon Overview and Level Annotations

Branches:
Dungeon (12/15)            Temple (1/1) D:7            Lair (8/8) D:10
 Shoals (4/4) Lair:4        Snake (0/4) Lair:6       Spider (0/4) Lair:6
  Slime (0/6) Lair:6          Orc (4/4) D:11            Elf (3/3) Orc:3

Altars:
Ashenzari
Cheibriados
Dithmenos
Elyvilon
Fedhas
Gozag
Kikubaaqudgha
Makhleb
Nemelex Xobeh
Okawaru
Qazlal
Ru
Sif Muna
Trog
Vehumet
Xom
Yredelemnul
Zin
The Shining One
Jiyva

Shops:
Orc:1 =   Orc:2 :   Orc:4 ([*=   Elf:1 *


Innate Abilities, Weirdness & Mutations

You revert to your normal form in water.
You are very nimble and swift while swimming.
You are resistant to hostile enchantments.
You are robust (+10% HP).
You are resistant to electric shocks.


Message History

The deep elf sorcerer shouts!
A deep elf sorcerer comes into view. It is wielding a long sword.
The deep elf sorcerer shouts!
A deep elf high priest comes into view. It is wielding an enchanted scimitar.
The deep elf high priest shouts!
A deep elf master archer comes into view.
The deep elf master archer shouts!
A deep elf annihilator comes into view. It is wielding a rapier.
The deep elf annihilator shouts!
A deep elf high priest comes into view.
It is wielding a short sword of draining.
The deep elf high priest shouts!
The deep elf high priest closely misses you.
The deep elf master archer wields a runed longbow.
The deep elf master archer shoots an arrow.
The arrow completely misses you.
The arrow hits the deep elf high priest!!
The deep elf sorcerer points at you and mumbles some strange words.
The bolt of acid hits you!
You die...
Your body rises from the dead as a mindless zombie.

...# ##..
...##....
.....e...
#........
#.e......
##......e.
####e...e....
#...e@.?..[..
#.8...........
+..e.e........
#.8.......!...
##...#########
##+#


You could see a deep elf master archer, a deep elf annihilator, 2 crystal
guardians, 3 deep elf sorcerers and 3 deep elf high priests.

Vanquished Creatures
  A deep elf blademaster (Elf:3)
  Maud (D:10)
  2 orc warlords
  2 deep elf annihilators
  2 merfolk javelineers (Shoals:4)
  2 crystal guardians (Elf:3)
  Snorg (Lair:8)
  3 merfolk impalers
  A slime creature (D:12)
  Fannar (D:11)
  3 hydras
  2 merfolk avatars
  3 death yaks
  3 dancing weapons (Elf:2)
  An alligator snapping turtle (Shoals:4)
  2 merfolk aquamancers
  2 orc high priests (Orc:4)
  10 deep elf knights
  8 sea snakes
  8 deep elf summoners
  An unseen horror (D:10)
  Pikel (D:6)
  5 griffons
  An orc knight (Bailey)
  A lindwurm (Lair:4)
  2 deep elf conjurers (Elf:1)
  4 harpies (Shoals:4)
  A cyclops (Shoals:4)
  2 manticores
  4 fauns (Shoals:2)
  A water nymph (Shoals:2)
  7 elephants
  2 black mambas
  5 sirens
  A torpor snail (Lair:5)
  10 spiny frogs
  15 komodo dragons
  2 deep elf priests
  3 trolls
  4 merfolk
  A queen bee (D:8)
  5 polar bears (Lair:8)
  Grinder (D:6)
  2 two-headed ogres
  Prince Ribbit (D:7)
  2 fire drakes
  3 snapping turtles (Shoals:4)
  A trapdoor spider zombie (D:12)
  11 blink frogs
  A wraith (D:10)
  2 spriggans (Lair:8)
  5 water elementals
  A human (Shoals:1)
  22 deep elf magi
  11 deep elf fighters
  A wyvern (Lair:2)
  A basilisk (Lair:8)
  28 yaks
  Eustachio (D:6)
  14 wolves
  Menkaure (D:6)
  4 hippogriffs
  2 mottled dragons
  7 wargs
  3 nagas (Lair:6)
  4 water moccasins
  2 hell hounds (Lair:8)
  3 ice beasts
  11 porcupines
  10 black bears
  A swamp drake (Orc:4)
  A sky beast (D:12)
  4 slaves (D:6)
  25 orc warriors
  13 crocodiles
  2 necrophages
  6 ogres
  3 phantoms
  The ghost of urechis the Poker, an average MfGl (D:3)
  7 big kobolds
  4 centaurs
  A brain worm (D:11)
  2 wyvern zombies
  A scorpion (D:11)
  2 wights
  13 giant frogs
  22 killer bees
  An electric eel (Lair:3)
  A centaur zombie (D:6)
  3 crimson imps
  An iron imp (Orc:4)
  22 orc priests
  4 jellies
  11 iguanas
  A giant frog skeleton (D:9)
  5 hell rats (Lair:4)
  12 hounds
  Jessica (D:9)
  17 orc wizards
  A centaur skeleton (D:8)
  5 worker ants
  7 sheep
  2 hound skeletons
  A worker ant zombie (D:7)
  11 adders
  20 gnolls
  22 river rats
  4 shadow imps
  A white imp (Orc:4)
  3 oozes
  5 giant geckos
  106 orcs
  4 ball pythons
  12 bats
  A bat skeleton (D:5)
  56 goblins
  64 hobgoblins
  8 jackals
  4 quokkas
  6 giant cockroaches
  A giant cockroach zombie (D:6)
  A giant gecko skeleton (D:5)
  6 giant newts
  37 kobolds
  2 quokka skeletons
  17 rats
  7 plants
892 creatures vanquished.

Vanquished Creatures (collateral kills)
  The ghost of hyperkellhus the Impaler, a mighty CeCj of Jiyva (Shoals:4)
  A kraken (Shoals:2)
  Kirke (Shoals:1)
  Roxanne (Shoals:1)
  Ilsuiw (Shoals:4)
  Donald (Shoals:3)
  A deep elf sorcerer (Elf:3)
  A deep elf demonologist (Elf:1)
  Nessos (Lair:8)
  5 merfolk javelineers
  6 merfolk impalers
  2 fire dragons
  A deep elf high priest (Elf:2)
  A catoblepas (Lair:7)
  3 hydras
  4 merfolk avatars
  12 dancing weapons (Elf:2)
  A death yak (Lair:7)
  9 deep elf knights
  2 orc high priests (Orc:4)
  The ghost of nono the Protected, an experienced GrFi of Ashenzari (D:7)
  13 sea snakes
  2 deep elf summoners
  10 harpies
  4 orc knights
  5 deep elf conjurers
  4 manticores
  7 fauns
  A cyclops (Shoals:3)
  4 water nymphs
  22 elephants
  4 orc sorcerers
  3 griffons
  5 sirens
  2 ugly things (D:11)
  3 spiny frogs
  A torpor snail (Lair:6)
  4 komodo dragons
  A fire drake (Lair:8)
  6 deep elf priests
  A queen bee (Lair:7)
  2 trolls
  8 blink frogs
  16 merfolk
  6 polar bears
  2 wind drakes
  2 raiju (Lair:8)
  7 snapping turtles
  13 deep elf magi
  A trapdoor spider zombie (D:12)
  A spriggan (Lair:8)
  2 mottled dragons
  A vampire (Orc:4)
  22 yaks
  2 hogs (Shoals:1)
  8 water elementals
  A wyvern (D:12)
  9 hippogriffs
  10 wolves
  2 steam dragons (Lair:8)
  16 deep elf fighters
  2 basilisks (Lair:8)
  5 wargs
  3 porcupines
  A hell hound (Lair:8)
  A swamp drake (Lair:8)
  7 water moccasins
  6 black bears (Lair:8)
  20 orc warriors
  A phantom (D:10)
  An ogre (Orc:3)
  3 centaurs (D:11)
  8 crocodiles
  9 giant frogs
  2 wights
  28 killer bees
  2 crimson imps (D:9)
  A giant frog zombie (D:11)
  6 hounds (Lair:8)
  17 orc priests
  21 orc wizards
  6 iguanas
  2 worker ants
  2 hell rats (Lair:4)
  21 sheep
  A worker ant zombie (D:10)
  2 gnolls (D:11)
  13 river rats
  2 giant geckos
  78 orcs
  5 goblins
  3 hobgoblins
  5 jackals (Lair:8)
  2 kobolds
  A quokka (D:11)
  A quokka zombie (D:10)
  A rat (D:10)
  18 fungi
  14 plants
  3 tentacles (Shoals:2)
613 creatures vanquished.

Vanquished Creatures (others)
  A profane servitor (Elf:3)
  A ghoul (Shoals:2)
  4 death cobs
  2 flayed ghosts
  4 skeletal warriors
  4 phantasmal warriors
  4 harpy zombies (Shoals:4)
  15 flying skulls
  A human (Shoals:1)
  2 wraiths (Lair:4)
  6 vampires
  2 elephant zombies (Lair:5)
  A blink frog zombie (Lair:3)
  4 merfolk zombies (Shoals:4)
  A snapping turtle zombie (Shoals:4)
  2 komodo dragon zombies
  2 water moccasin zombies
  2 polar bear zombies
  2 troll zombies
  2 hippogriff zombies
  A troll skeleton (D:8)
  2 yak zombies
  A wight (Lair:3)
  5 wolf zombies
  A centaur zombie (D:11)
  A wolf skeleton (Lair:5)
  3 giant frog zombies
  A basilisk zombie (Lair:8)
  5 black bear zombies
  2 two-headed ogre zombies
  An orc wizard (D:11)
  18 killer bee zombies
  A mottled dragon zombie (Lair:8)
  An ogre zombie (D:10)
  5 crocodile zombies
  A mummy (Lair:3)
  A steam dragon zombie (Lair:8)
  25 orc zombies
  An adder zombie (D:9)
  4 sheep zombies
  A giant gecko (D:11)
  An orc (D:11)
  3 gnoll zombies (Bailey)
  A giant gecko zombie (D:9)
  4 goblin zombies (Bailey)
  6 hobgoblin zombies
  A kobold zombie (D:12)
  4 river rat zombies
  3 fungi
  7 plants
  4 spectral weapons
  4 tentacles (Shoals:2)
  43 tentacle segments (Shoals:2)
224 creatures vanquished.

Grand Total: 1729 creatures vanquished

Notes
Turn   | Place    | Note
--------------------------------------------------------------
     0 | D:1      | urechis the Merfolk Skald began the quest for the Orb.
     0 | D:1      | Reached XP level 1. HP: 16/16 MP: 3/3
   205 | D:1      | Reached skill level 4 in Polearms
   205 | D:1      | Reached XP level 2. HP: 22/22 MP: 5/5
   594 | D:1      | Reached skill level 5 in Polearms
   594 | D:1      | Reached XP level 3. HP: 27/27 MP: 6/6
  1427 | D:2      | Found a burning altar of Makhleb.
  1653 | D:2      | Reached skill level 6 in Polearms
  1870 | D:2      | Reached XP level 4. HP: 33/33 MP: 7/7
  1970 | D:3      | Reached skill level 7 in Polearms
  1989 | D:3      | Reached XP level 5. HP: 21/38 MP: 6/8
  2537 | D:3      | Noticed urechis's ghost (average MfGl)
  2557 | D:3      | Killed urechis's ghost
  2557 | D:3      | Reached skill level 8 in Polearms
  2557 | D:3      | Reached XP level 6. HP: 24/44 MP: 5/9
  2786 | D:3      | Reached skill level 9 in Polearms
  2873 | D:3      | Found a stormy altar of Qazlal.
  3132 | D:3      | Noticed a big kobold
  3132 | D:3      | Noticed a big kobold
  3235 | D:3      | Killed a big kobold
  3244 | D:3      | Killed a big kobold
  3552 | D:3      | Reached XP level 7. HP: 34/50 MP: 8/10
  4145 | D:3      | Noticed a big kobold
  4175 | D:3      | Killed a big kobold
  4175 | D:3      | Reached skill level 10 in Polearms
  4330 | D:3      | Learned a level 2 spell: Song of Slaying
  4708 | D:4      | Got a brightly glowing glass ring
  4782 | D:4      | Identified the ring of the Queen {+Inv MR- Str+3 Int+4 Stlth-} (You found it on level 4 of the Dungeon)
  4857 | D:4      | Found a bloodstained altar of Trog.
  4978 | D:4      | Reached skill level 5 in Charms
  4982 | D:4      | Learned a level 2 spell: Shroud of Golubria
  5319 | D:5      | Entered Level 5 of the Dungeon
  5767 | D:5      | Reached skill level 11 in Polearms
  5767 | D:5      | Reached XP level 8. HP: 54/56 MP: 11/11
  6040 | D:6      | Noticed Eustachio
  6094 | D:6      | Killed Eustachio
  6145 | D:6      | Noticed Menkaure
  6201 | D:6      | Killed Menkaure
  6546 | D:6      | Reached skill level 12 in Polearms
  6860 | D:6      | Noticed Grinder
  6873 | D:6      | Killed Grinder
  6873 | D:6      | Reached XP level 9. HP: 44/64 MP: 4/12
  6910 | D:6      | Noticed Pikel
  7001 | D:6      | HP: 1/65 [Pikel/whip of electrocution (10)]
  7006 | D:6      | Killed Pikel
  7006 | D:6      | Reached skill level 5 in Fighting
  7006 | D:6      | Reached skill level 5 in Dodging
  7559 | D:7      | Learned a level 3 spell: Regeneration
  7572 | D:7      | Found a staircase to the Ecumenical Temple.
  7581 | Temple   | Entered the Ecumenical Temple
  7638 | Temple   | Became a worshipper of Yredelemnul the Dark
  7868 | D:7      | Learned a level 3 spell: Spectral Weapon
  7894 | D:7      | Found an iron altar of Okawaru.
  8033 | D:7      | Found a shimmering altar of Xom.
  8116 | D:7      | Noticed Prince Ribbit
  8127 | D:7      | Killed Prince Ribbit
  8153 | D:7      | Found a glowing silver altar of Zin.
  8211 | D:7      | Noticed nono's ghost (experienced GrFi)
  8696 | D:7      | Reached skill level 1 in Invocations
  9899 | D:8      | Reached XP level 10. HP: 79/79 MP: 13/13
 10003 | D:8      | Acquired Yredelemnul's first power
 11096 | D:8      | iron grate
 11279 | D:9      | Acquired Yredelemnul's second power
 11681 | D:9      | Reached skill level 5 in Invocations
 11700 | D:8      | Got a crude leather armour
 11972 | D:8      | Identified the +3 leather armour of the Voivode {rPois rCorr} (You took it off an orc on level 8 of the Dungeon)
 12491 | D:9      | Noticed Jessica
 12497 | D:9      | Killed Jessica
 12503 | D:9      | Found a deep blue altar of Sif Muna.
 12573 | D:10     | Entered Level 10 of the Dungeon
 12738 | D:8      | Reached skill level 10 in Fighting
 12738 | D:8      | Reached XP level 11. HP: 55/90 MP: 12/15
 14062 | D:10     | Got a scorched whip
 14063 | D:10     | Identified the +11 whip of the Magi {freeze, Str+7 Dex+3} (You found it on level 10 of the Dungeon)
 14101 | D:10     | Found a staircase to the Lair.
 14454 | D:10     | Noticed Maud
 14479 | D:10     | Killed Maud
 14479 | D:10     | Reached skill level 10 in Dodging
 15022 | D:11     | Acquired Yredelemnul's third power
 15413 | D:10     | Killed an unseen horror
 15413 | D:10     | Received a gift from Yredelemnul
 15643 | D:11     | Got a sparkling brass ring
 15645 | D:11     | Identified the ring "Feix Ahuity" {rN+ MR+ Dex+2} (You found it on level 11 of the Dungeon)
 15720 | D:11     | Found a staircase to the Orcish Mines.
 15744 | D:11     | Noticed Fannar
 15753 | D:11     | Acquired Yredelemnul's fourth power
 15761 | D:11     | Received a gift from Yredelemnul
 15767 | D:11     | Killed Fannar
 15767 | D:11     | Reached XP level 12. HP: 27/102 MP: 14/17
 16736 | D:12     | Received a gift from Yredelemnul
 17325 | D:12     | Reached skill level 13 in Fighting
 17474 | D:12     | Noticed a six-headed hydra
 17489 | D:12     | Killed a nine-headed hydra
 18103 | Lair:1   | Entered Level 1 of the Lair of Beasts
 18496 | Lair:1   | Got a scorched ruby amulet
 18498 | Lair:1   | Identified the amulet "Xydeca" {rC+ Regen+} (You found it on level 1 of the Lair of Beasts)
 18614 | Lair:1   | Received a gift from Yredelemnul
 18668 | Lair:1   | Found a burning altar of Makhleb.
 19841 | Lair:2   | Reached skill level 14 in Fighting
 19841 | Lair:2   | Received a gift from Yredelemnul
 19943 | Lair:3   | Received a gift from Yredelemnul
 20167 | Lair:3   | Reached XP level 13. HP: 108/114 MP: 16/19
 20178 | Lair:3   | Noticed a five-headed hydra
 20189 | Lair:3   | Killed a five-headed hydra
 20345 | Lair:3   | Reached skill level 15 in Fighting
 20572 | Lair:3   | Found a staircase to the Shoals.
 20642 | Lair:3   | Got a scorched war axe
 20643 | Lair:3   | Identified the +3 war axe "Isunn" {chop, rElec rF+++ Int-5} (You found it on level 3 of the Lair of Beasts)
 20662 | Lair:3   | Acquired Yredelemnul's fifth power
 20772 | Lair:3   | Received a gift from Yredelemnul
 21034 | Lair:4   | Got a bound platinum ring
 21036 | Lair:4   | Identified the ring "Veyhiuvy" {+/*Tele *Drain MR++ Int+4 Stlth+} (You found it on level 4 of the Lair of Beasts)
 21206 | Lair:4   | Found a staircase to the Shoals.
 22262 | Lair:5   | Received a gift from Yredelemnul
 22687 | Lair:5   | Reached skill level 16 in Fighting
 23063 | Lair:6   | Found a hole to the Spider Nest.
 23132 | Lair:6   | Found a staircase to the Snake Pit.
 23324 | Lair:6   | Found a staircase to the Slime Pits.
 23324 | Lair:6   | Found a viscous altar of Jiyva.
 23546 | Lair:6   | Received a gift from Yredelemnul
 23903 | Lair:7   | Reached XP level 14. HP: 126/126 MP: 20/20
 23904 | Lair:7   | Received a gift from Yredelemnul
 23971 | Lair:7   | Reached skill level 15 in Dodging
 24125 | Lair:7   | Reached skill level 17 in Fighting
 24126 | Lair:7   | Received a gift from Yredelemnul
 24287 | Lair:7   | Received a gift from Yredelemnul
 24360 | Lair:7   | Received a gift from Yredelemnul
 24372 | Lair:7   | Received a gift from Yredelemnul
 24512 | Lair:7   | Identified the Almanac of Arcane Weapons (You found it on level 7 of the Lair of Beasts)
 24541 | Lair:7   | Learned a level 2 spell: Repel Missiles
 24575 | Lair:7   | Learned a level 2 spell: Blink
 24671 | Lair:7   | Reached skill level 1 in Translocations
 24717 | Lair:7   | Received a gift from Yredelemnul
 24993 | Lair:8   | Entered Level 8 of the Lair of Beasts
 25007 | Lair:8   | Received a gift from Yredelemnul
 25047 | Lair:8   | Received a gift from Yredelemnul
 25102 | Lair:8   | Found a labyrinth entrance.
 25113 | Lair:8   | Received a gift from Yredelemnul
 25143 | Lair:8   | Learned a level 2 spell: Swiftness
 25234 | Lair:8   | Noticed Snorg
 25249 | Lair:8   | Killed Snorg
 25259 | Lair:8   | Your ally Snorg died
 25445 | Lair:8   | Received a gift from Yredelemnul
 25479 | Lair:8   | Received a gift from Yredelemnul
 25583 | Lair:8   | Reached skill level 5 in Translocations
 25638 | Lair:8   | Received a gift from Yredelemnul
 25739 | Lair:8   | Noticed Nessos
 25762 | Lair:8   | Killed Nessos
 25799 | Lair:8   | Learned a level 3 spell: Ozocubu's Armour
 25975 | Lair:8   | Received a gift from Yredelemnul
 26015 | Lair:8   | Reached skill level 5 in Spellcasting
 26396 | D:7      | Killed nono's ghost
 26396 | D:7      | Reached XP level 15. HP: 91/134 MP: 16/22
 26599 | Shoals:1 | Entered Level 1 of the Shoals
 26609 | Shoals:1 | Noticed Kirke
 26622 | Shoals:1 | Killed Kirke
 26748 | Shoals:1 | Noticed Roxanne
 26764 | Shoals:1 | Killed Roxanne
 26767 | Shoals:1 | Identified Roxanne's Guide on Earthen Shape Shifting (You took it off Roxanne on level 1 of the Shoals)
 27137 | Shoals:1 | Received a gift from Yredelemnul
 27524 | Shoals:2 | Gained mutation: You are resistant to hostile enchantments. [potion of beneficial mutation]
 27571 | Shoals:2 | Got a faintly glowing iron amulet
 27594 | Shoals:2 | Reached skill level 18 in Fighting
 28615 | Shoals:2 | Noticed a kraken
 28641 | Shoals:2 | Killed a kraken
 28876 | Shoals:3 | Noticed Donald
 28892 | Shoals:3 | Killed Donald
 29452 | Shoals:3 | Received a gift from Yredelemnul
 29524 | Shoals:3 | Identified the Handbook of Calling
 29560 | Shoals:3 | Reached skill level 19 in Fighting
 30118 | Shoals:4 | Entered Level 4 of the Shoals
 30184 | Shoals:4 | Noticed Ilsuiw
 30205 | Shoals:4 | HP: 2/139 [merfolk impaler/trident (18)]
 30223 | Shoals:4 | Received a gift from Yredelemnul
 30231 | Shoals:4 | Killed Ilsuiw
 30231 | Shoals:4 | Reached XP level 16. HP: 18/146 MP: 13/25
 30235 | Shoals:4 | Noticed hyperkellhus's ghost (mighty CeCj)
 30693 | Shoals:4 | Received a gift from Yredelemnul
 30773 | Shoals:4 | Received a gift from Yredelemnul
 31304 | Shoals:4 | Received a gift from Yredelemnul
 31322 | Shoals:4 | Received a gift from Yredelemnul
 31564 | Shoals:4 | Got a barnacled rune of Zot
 31630 | Shoals:4 | Got a translucent leather armour
 31641 | Shoals:4 | Identified the +3 leather armour "Deocla" {Regen+ Str+3 Stlth+} (You found it on level 4 of the Shoals)
 31700 | Shoals:4 | Received a gift from Yredelemnul
 31766 | Shoals:4 | Reached skill level 20 in Fighting
 31902 | Shoals:4 | Killed hyperkellhus's ghost
 32321 | Orc:1    | Entered Level 1 of the Orcish Mines
 32369 | Orc:1    | Found Duozxom's Jewellery Boutique.
 32385 | Orc:1    | Bought the amulet "Tetickei" {Faith MR+ Str+3 SInv Stlth+} for 1054 gold pieces
 32485 | Orc:1    | Received a gift from Yredelemnul
 32754 | Orc:2    | Found Ekhlunum's Book Boutique.
 32979 | Orc:3    | Found a staircase to the Elven Halls.
 33077 | Orc:3    | Found a flagged portal.
 33225 | Bailey   | Entered a bailey
 33289 | Bailey   | Received a gift from Yredelemnul
 33550 | Bailey   | Received a gift from Yredelemnul
 33599 | Bailey   | Gained mutation: You are resistant to electric shocks. [potion of beneficial mutation]
 33600 | Bailey   | Gained mutation: You are robust (+10% HP). [potion of beneficial mutation]
 34066 | Orc:4    | Entered Level 4 of the Orcish Mines
 34083 | Orc:4    | Received a gift from Yredelemnul
 34392 | Orc:4    | Received a gift from Yredelemnul
 34585 | Orc:4    | Received a gift from Yredelemnul
 34607 | Orc:4    | Received a gift from Yredelemnul
 34665 | Orc:4    | Found Fyarph's General Store.
 34678 | Orc:4    | Found Vaqen's Jewellery Emporium.
 34708 | Orc:4    | Found Xuipew's Antique Armour Shoppe.
 34708 | Orc:4    | Found Ufay's Antique Weapon Shoppe.
 34739 | Orc:4    | Bought the ring "Nynk" {rF- rC++ rN+ Dex+5 Slay+3} for 1057 gold pieces
 35507 | Elf:1    | Entered Level 1 of the Elven Halls
 35715 | Elf:1    | Received a gift from Yredelemnul
 35881 | Elf:1    | Reached skill level 1 in Shields
 35887 | Elf:1    | Received a gift from Yredelemnul
 35932 | Elf:1    | Reached XP level 17. HP: 160/171 MP: 23/26
 35990 | Elf:1    | Received a gift from Yredelemnul
 36034 | Elf:1    | Identified the Grimoire of Confrontation
 36361 | Elf:1    | Found Eweoff's General Store.
 36366 | Elf:1    | Bought 2 potions of curing for 66 gold pieces
 36366 | Elf:1    | Bought a scroll of identify for 22 gold pieces
 36690 | Elf:2    | Found a runed gate.
 36690 | Elf:2    | Found a runed gate.
 36691 | Elf:2    | Found a runed gate.
 36926 | Elf:2    | Received a gift from Yredelemnul
 37124 | Elf:2    | Identified the amulet of Fuhaqim {Ward rN+ MR+} (You found it on level 2 of the Shoals)
 37282 | Elf:3    | Entered Level 3 of the Elven Halls
 37412 | Elf:3    | Reached skill level 21 in Fighting
 37575 | Elf:3    | Noticed a deep elf blademaster
 37600 | Elf:3    | Killed a deep elf blademaster
 37600 | Elf:3    | HP: 3/173 [crystal guardian/crystal bolt (37)]
 37608 | Elf:3    | Noticed a deep elf master archer
 37608 | Elf:3    | Killed from afar by a deep elf sorcerer

Vault maps used:
D:1:      minmay_arrival_plants_in_alcoves
D:2:      overflow_temple_1_default, first_bread
D:3:      minmay_goblin_kobold_castle, nicolae_overflow_hidden_temple,
          hangedman_glass_teeth
D:4:      lemuel_coloured_pillars_altar
D:6:      uniq_grinder, uniq_pikel, uniq_menkaure, uniq_eustachio
D:7:      lemuel_doored_altar, okawaru_altar_gauntlet_db, kennysheep_mini,
          minmay_temple_entry_trees, uniq_prince_ribbit1
D:8:      david_nohive_1, basic_loot_grate_trap, grunt_ministairs_7
D:9:      tgw_sif
D:10:     lair_0_dummy, uniq_maud
D:11:     erik_orc_4, serial_glass, glass_columns_a, glass_columns_a,
          glass_columns_c, glass_columns_a, glass_columns_a, glass_columns_c,
          uniq_fannar
Temple:   triangle_lava_temple_12
Lair:1:   basic_altar
Lair:3:   beast_lair_carwin_large_4, minmay_shoals_entry_beasts,
          infiniplex_staircase_pool
Lair:4:   minmay_shoals_entry_lonely_mermaid
Lair:6:   guppyfry_snake_entry_island, dummy_spider_entry, slime_altar_1,
          grunt_megastairs_3
Lair:7:   dragon1_lemuel, special_room, beast_lair_carwin_6, grunt_megastairs_2
Lair:8:   guppyfry_lair_end_dragon, hangedman_lair_caniforms_friends,
          lab_entry_generic, wad_woods_02, grunt_megastairs_1, uniq_nessos,
          uniq_snorg
Shoals:1: uniq_kirke, uniq_roxanne
Shoals:3: nicolae_shoals_mertower, uniq_donald
Shoals:4: shoals_end_hangedman, shoal_ilsuiw
Orc:1:    serial_shops, shop
Orc:2:    serial_shops, shop_fountains, bloody_trog
Orc:3:    enter_bailey_2, nicolae_orc_pool_cavern
Orc:4:    st_orc_congregation, hangedman_minor_magic
Elf:1:    elf_arrival_001, serial_shops, shop, minmay_elf_sorcery
Elf:2:    uniq_jorgrun
Elf:3:    minmay_elf_hall_golems, basic_stair_grate_trap
Bailey:   bailey_axe_minmay_hex_keep, bailey

Action                   |  1- 3 |  4- 6 |  7- 9 | 10-12 | 13-15 | 16-18 || total
-------------------------+-------+-------+-------+-------+-------+-------++-------
Melee: Spear             |   167 |   235 |   709 |   397 |    15 |       ||  1523
       Halberd           |       |       |       |   552 |  1104 |   139 ||  1795
       Whip              |       |       |       |    19 |     6 |       ||    25
       Demon trident     |       |       |       |       |       |   740 ||   740
 Fire: Blowgun           |       |       |     4 |    15 |     8 |       ||    27
 Cast: Infusion          |     2 |     3 |    10 |    16 |    13 |     7 ||    51
       Shroud of Golubri |       |       |     8 |    15 |    11 |     5 ||    39
       Song of Slaying   |       |       |     1 |    10 |     2 |     2 ||    15
       Spectral Weapon   |       |       |       |    10 |     1 |       ||    11
       Ozocubu's Armour  |       |       |       |       |     4 |     5 ||     9
       Regeneration      |       |       |       |       |     2 |    12 ||    14
       Repel Missiles    |       |       |       |       |     1 |     7 ||     8
       Swiftness         |       |       |       |       |     1 |     2 ||     3
       Blink             |       |       |       |       |     1 |     2 ||     3
Invok: Animate Remains   |       |       |       |    27 |       |       ||    27
       Recall Undead Sla |       |       |       |     2 |    11 |    17 ||    30
       Animate Dead      |       |       |       |    29 |    51 |    16 ||    96
       Injury Mirror     |       |       |       |       |     1 |     3 ||     4
       Enslave Soul      |       |       |       |       |       |     2 ||     2
 Abil: Evoke Flight      |       |       |       |       |     2 |       ||     2
  Use: Potion            |       |     2 |     3 |     1 |    14 |     4 ||    24
       Scroll            |       |     6 |     6 |    12 |    14 |    12 ||    50
 Stab: Sleeping          |     7 |       |       |     4 |     5 |    27 ||    43
       Distracted        |       |       |       |    12 |    26 |    17 ||    55
       Confused          |       |       |       |       |       |     1 ||     1
  Eat: Chunk             |     2 |     7 |    20 |    21 |    27 |    12 ||    89
       Fruit             |       |       |       |     4 |     6 |       ||    10
       Beef jerky        |       |       |       |     4 |     1 |     2 ||     7
       Pizza             |       |       |       |     3 |     2 |       ||     5
       Royal jelly       |       |       |       |     4 |     3 |     2 ||     9
       Meat ration       |       |       |       |       |       |     2 ||     2
